 Dungeon Crawl Stone Soup version 0.20-a0-924-gfa95efa (webtiles) character file.

194 ChocoNymphy the Charlatan (level 5, -2/41 HPs)
             Began as a Centaur Artificer on Mar 28, 2017.
             Slain by an orc warrior
             ... wielding a +0 short sword
              (13 damage)
             ... on level 3 of the Dungeon.
             The game lasted 00:15:20 (3585 turns).

ChocoNymphy the Charlatan (Centaur Artificer)       Turns: 3585, Time: 00:15:21

Health: -2/41      AC: 11    Str: 15    XL:     5   Next: 44%
Magic:  7/7        EV:  5    Int: 10    God:
Gold:   93         SH:  9    Dex: 10    Spells: 4/4 levels left

rFire    + . .     SeeInvis .   a - +1 short sword
rCold    . . .     Gourm    .   p - +2 shield
rNeg     . . .     Faith    .   n - +2 robe {rF+}
rPois    .         Spirit   .   (no helmet)
rElec    .         Reflect  .   (no cloak)
rCorr    .         Harm     .   b - +0 pair of gloves
MR       .....                  w - +0 centaur barding
Stlth    ++........             (no amulet)
Regen    0.2/turn               u - ring of stealth
MPRegen  0.1/turn               (no ring)

@: very quick
A: hooves 3, deformed body, speed 2, tough skin 3
a: no special abilities


You were on level 3 of the Dungeon.
You were very hungry.

You visited 1 branch of the dungeon, and saw 3 of its levels.

You collected 93 gold pieces.

Inventory:

Hand Weapons
 a - a +1 short sword (weapon)
 i - a +2 falchion of holy wrath
Missiles
 k - 34 poisoned needles
 m - 19 sling bullets
Armour
 b - a +0 pair of gloves (worn)
 n - a +2 robe of fire resistance (worn)
 p - a +2 shield (worn)
 w - a +0 centaur barding (worn)
Jewellery
 j - an uncursed ring of poison resistance {unknown}
 u - a ring of stealth (left hand)
Wands
 c - a wand of flame (6/48)
 d - a wand of enslavement (13/24)
 e - a wand of random effects (14/48)
 v - a wand of iceblast (5/15)
Scrolls
 l - 4 scrolls of teleportation
 o - a scroll of enchant weapon
Potions
 g - a potion of curing
 q - a potion of heal wounds {unknown}
 r - a potion of might {unknown}
 t - a potion of haste {unknown}
 x - a potion of cancellation {unknown}
Comestibles
 f - 2 bread rations
 h - 4 fruits


   Skills:
 + Level 1.8 Fighting
 + Level 2.4 Short Blades
 + Level 1.3 Armour
 + Level 2.3 Dodging
 + Level 0.6 Stealth
 + Level 0.2 Shields
 + Level 3.5 Evocations


You had 4 spell levels left.
You didn't know any spells.

Dungeon Overview and Level Annotations

Branches:
Dungeon (3/15)

Altars:


Innate Abilities, Weirdness & Mutations

You have hooves in place of feet.
Armour fits poorly on your strangely shaped body.
You cover ground very quickly.
You have extremely tough skin. (AC +3)


Message History

Your kick misses the orc warrior.
The orc warrior is severely wounded.
You block the orc warrior's attack.
You closely miss the orc warrior.
You kick the orc warrior, but do no damage.
The orc warrior is severely wounded.
The orc warrior hits you with a short sword.
You hit the orc warrior. Your kick misses the orc warrior.
The orc warrior is severely wounded.
The orc warrior hits you but does no damage.
You closely miss the orc warrior.
The orc warrior is severely wounded.
The orc warrior hits you with a short sword!
* * * LOW HITPOINT WARNING * * *
The orc warrior hits you but does no damage.
You hit the orc warrior but do no damage.
You kick the orc warrior, but do no damage.
The orc warrior is severely wounded.
The orc warrior hits you with a short sword!
You die...

###. #. # #... .
#.##.###.## .##
#......#.## ))#
#..... #.# ###.##
#s# #.## #o#
#<###.## #@#
#....... #(#
#####.##
#.#############.#
#...............#
#################


You could see an orc warrior and a giant cockroach.

Vanquished Creatures
  Natasha (D:1)
  An orc wizard (D:3)
  2 gnolls (D:2)
  4 adders
  An ooze (D:1)
  2 worms
  A dart slug (D:1)
  3 leopard geckos
  3 orcs (D:3)
  A ball python (D:3)
  7 bats
  2 giant cockroaches
  7 goblins
  8 hobgoblins
  11 kobolds
  A quokka (D:2)
  6 frilled lizards
  8 rats
69 creatures vanquished.

Vanquished Creatures (collateral kills)
  2 gnolls (D:2)
2 creatures vanquished.

Vanquished Creatures (others)
  An orc (D:3)
1 creature vanquished.

Grand Total: 72 creatures vanquished

Notes
Turn   | Place    | Note
-------+----------+-------------------------------------------
     0 | D:1      | ChocoNymphy the Centaur Artificer began the quest for the Orb.
     0 | D:1      | Reached XP level 1. HP: 16/16 MP: 2/2
   453 | D:1      | Reached skill level 3 in Evocations
   493 | D:1      | Reached XP level 2. HP: 23/23 MP: 4/4
  1256 | D:1      | Reached XP level 3. HP: 24/28 MP: 5/5
  1580 | D:2      | Noticed Natasha
  1588 | D:1      | Killed Natasha
  1588 | D:1      | Reached skill level 1 in Short Blades
  1715 | D:2      | Reached XP level 4. HP: 31/35 MP: 6/6
  1966 | D:2      | Reached skill level 1 in Armour
  2738 | D:2      | Reached XP level 5. HP: 40/40 MP: 7/7
  3564 | D:3      | Noticed an orc warrior
  3585 | D:3      | Slain by an orc warrior

Vault maps used:
D:1:      lightli_arrival_statue_moat, minmay_three_crescents
D:2:      uniq_natasha

Skill      XL: |  1  2  3  4 |
---------------+-------------+-----
Evocations     | 3 |  3.5
Short Blades   | 1 2 |  2.4
Armour         | 1 |  1.3
Dodging        | 2 |  2.3
Fighting       | |  1.8
Stealth        | |  0.6
Shields        | |  0.2

Action                   |  1- 3 |  4- 6 || total
-------------------------+-------+-------++-------
Melee: Short sword       |   102 |   122 ||   224
       Kick              |    18 |    21 ||    39
Evoke: Wand              |     2 |    12 ||    14
  Use: Scroll            |     2 |     9 ||    11
       Potion            |       |     1 ||     1
 Stab: Confused          |       |     1 ||     1
       Sleeping          |       |     3 ||     3
  Eat: Chunk             |     1 |     2 ||     3
       Royal jelly       |       |     1 ||     1
Armor: Leather armour    |    33 |       ||    33
       Robe              |    10 |    47 ||    57
       Skin              |     1 |       ||     1
Dodge: Dodged            |    42 |    37 ||    79
Block: Shield            |       |    28 ||    28
